SNL (28 & UNDER)
MONTGOMERY BISCUITS @ WICHITA WRANGLERS
08/06/2028
 
TOP OF THE 1ST
Montgomery Biscuits batting - Pitching for Wichita Wranglers : RHP Greg Reeves
Pitching: RHP Greg Reeves
Batting: LHB Mathew Clayton 0-0: Called Strike
0-1: Foul Ball, location: 2F
0-2: Strikes out swinging
Batting: SHB Kenneth Cruz 0-0: Foul Ball, location: 2F
0-1: Ball
1-1: Ball
2-1: Called Strike
2-2: Ball
3-2: Strikes out swinging
Batting: LHB Bob Jones 0-0: Foul Ball, location: 2F
0-1: Ball
1-1: Ball
2-1: Foul Ball, location: 2F
2-2: Ground out U3 (Groundball, 34)
Top of the 1st over - 0 run(s), 0 hit(s), 0 error(s), 0 left on base; Montgomery 0 - Wichita 0
BOTTOM OF THE 1ST
Wichita Wranglers batting - Pitching for Montgomery Biscuits : LHP Orlando Costa
Pitching: LHP Orlando Costa
Batting: RHB Gabriel Erwin 0-0: Ball
1-0: Ball
2-0: Ball
3-0: Called Strike
3-1: Base on Balls
Batting: RHB José López 0-0: Called Strike
0-1: Ball
1-1: Swinging Strike
1-2: Foul Ball, location: 2F
1-2: Foul Ball, location: 2F
1-2: Foul Ball, location: 2F
1-2: Fly out, F6 (Popup, 6D)
Batting: RHB Hubert MacDonald 0-0: SINGLE (Flyball, 7S)
Gabriel Erwin to second
Batting: RHB Félix Gonzáles 0-0: Called Strike
0-1: Called Strike
0-2: Strikes out swinging
Batting: RHB Oliver Todd 0-0: Ball
1-0: Ball
2-0: Ball
3-0: Called Strike
3-1: Fly out, F7 (Flyball, 7LM)
Bottom of the 1st over - 0 run(s), 1 hit(s), 0 error(s), 2 left on base; Montgomery 0 - Wichita 0
TOP OF THE 2ND
Montgomery Biscuits batting - Pitching for Wichita Wranglers : RHP Greg Reeves
Batting: SHB Marvin López 0-0: Called Strike
0-1: Foul Ball, location: 2F
0-2: Ground out 4-3 (Groundball, 4)
Batting: SHB Wilson Bray 0-0: Foul Ball, location: 2F
0-1: Ball
1-1: Fly out, F3 (Popup, 34S)
Batting: RHB Reinaldo Amarante 0-0: Ball
1-0: Foul Ball, location: 2F
1-1: Ball
2-1: Ball
3-1: Swinging Strike
3-2: Fly out, F9 (Flyball, 9)
Top of the 2nd over - 0 run(s), 0 hit(s), 0 error(s), 0 left on base; Montgomery 0 - Wichita 0
BOTTOM OF THE 2ND
Wichita Wranglers batting - Pitching for Montgomery Biscuits : LHP Orlando Costa
Batting: RHB Rusty Bennett 0-0: Ball
1-0: Ball
2-0: Called Strike
2-1: Foul Ball, location: 2F
2-2: Ground out 3-1 (Groundball, 34S)
Batting: LHB Al Miller 0-0: Called Strike
0-1: Fly out, F9 (Flyball, 89M)
Batting: RHB Jorge Barbosa 0-0: Ball
1-0: Ball
2-0: Called Strike
2-1: Foul Ball, location: 2F
2-2: Ball
3-2: Ground out 6-3 (Groundball, 6)
Bottom of the 2nd over - 0 run(s), 0 hit(s), 0 error(s), 0 left on base; Montgomery 0 - Wichita 0
TOP OF THE 3RD
Montgomery Biscuits batting - Pitching for Wichita Wranglers : RHP Greg Reeves
Batting: LHB Ron Young 0-0: Called Strike
0-1: Ball
1-1: Swinging Strike
1-2: Ball
2-2: Strikes out swinging
Batting: SHB Pancho Ruíz 0-0: Foul Ball, location: 2F
0-1: Ball
1-1: Foul Ball, location: 2F
1-2: Foul Ball, location: 2F
1-2: Ground out 4-3 (Groundball, 4)
Batting: SHB Hoyt Norris 0-0: Foul Ball, location: 2F
0-1: Swinging Strike
0-2: Foul Ball, location: 2F
0-2: Strikes out swinging
Top of the 3rd over - 0 run(s), 0 hit(s), 0 error(s), 0 left on base; Montgomery 0 - Wichita 0
BOTTOM OF THE 3RD
Wichita Wranglers batting - Pitching for Montgomery Biscuits : LHP Orlando Costa
Batting: LHB Richard Hinkle 0-0: Called Strike
0-1: Ball
1-1: Swinging Strike
1-2: Ball
2-2: Foul Ball, location: 2F
2-2: Strikes out swinging
Batting: RHB Gabriel Erwin 0-0: Foul Ball, location: 2F
0-1: Ball
1-1: Ball
2-1: Foul Ball, location: 2F
2-2: Foul Ball, location: 2F
2-2: Strikes out swinging
Batting: RHB José López 0-0: Called Strike
0-1: Ball
1-1: Ball
2-1: SOLO HOME RUN (Flyball, 78XD), Distance : 384 ft
Batting: RHB Hubert MacDonald 0-0: Ball
1-0: Called Strike
1-1: Foul Ball, location: 2F
1-2: Ball
2-2: Foul Ball, location: 2F
2-2: Foul Ball, location: 2F
2-2: Ground out 4-3 (Groundball, 4)
Bottom of the 3rd over - 1 run(s), 1 hit(s), 0 error(s), 0 left on base; Montgomery 0 - Wichita 1
TOP OF THE 4TH
Montgomery Biscuits batting - Pitching for Wichita Wranglers : RHP Greg Reeves
Batting: LHB Mathew Clayton 0-0: SINGLE (Line Drive, 78S)
Batting: SHB Kenneth Cruz 0-0: Reached on error, E4 (Groundball, 4)
Mathew Clayton to second
Batting: LHB Bob Jones 0-0: Ball
1-0: Ball
2-0: Ball
3-0: Base on Balls
Mathew Clayton to third
Kenneth Cruz to second
Batting: SHB Marvin López 0-0: Fly out, F2 (Popup, 25)
Batting: SHB Wilson Bray 0-0: Swinging Strike
0-1: Foul Ball, location: 2F
0-2: Ball
1-2: Strikes out swinging
Batting: RHB Reinaldo Amarante 0-0: Called Strike
0-1: Ball
1-1: Swinging Strike
1-2: Ball
2-2: Strikes out swinging
Top of the 4th over - 0 run(s), 1 hit(s), 1 error(s), 3 left on base; Montgomery 0 - Wichita 1
BOTTOM OF THE 4TH
Wichita Wranglers batting - Pitching for Montgomery Biscuits : LHP Orlando Costa
Batting: RHB Félix Gonzáles 0-0: SINGLE (Line Drive, 4D)
Batting: RHB Oliver Todd 0-0: Foul Ball, location: 2F
0-1: Swinging Strike
0-2: Foul Ball, location: 2F
0-2: Ball
1-2: Ball
2-2: Foul Ball, location: 2F
2-2: Strikes out looking
Batting: RHB Rusty Bennett 0-0: Ball
1-0: Ground out U3 (Groundball, 34S)
Félix Gonzáles to second
Batting: LHB Al Miller 0-0: Called Strike
0-1: Foul Ball, location: 2F
0-2: Fly out, F9 (Flyball, 89XD)
Bottom of the 4th over - 0 run(s), 1 hit(s), 0 error(s), 1 left on base; Montgomery 0 - Wichita 1
TOP OF THE 5TH
Montgomery Biscuits batting - Pitching for Wichita Wranglers : RHP Greg Reeves
Batting: LHB Ron Young 0-0: Ball
1-0: Ground out 6-3 (Groundball, 6MS)
Batting: SHB Pancho Ruíz 0-0: Ball
1-0: Ball
2-0: Ball
3-0: Called Strike
3-1: Base on Balls
Batting: SHB Hoyt Norris 0-0: Called Strike
0-1: Ball
1-1: Swinging Strike
1-2: Ball
2-2: Ball
3-2: Reached on error, E4 (Groundball, 4)
Pancho Ruíz to second
Batting: LHB Mathew Clayton 0-0: Ball
1-0: Swinging Strike
1-1: Called Strike
1-2: Strikes out swinging
Batting: SHB Kenneth Cruz 0-0: Called Strike
0-1: Called Strike
0-2: Fly out, F7 (Flyball, 7S)
Top of the 5th over - 0 run(s), 0 hit(s), 1 error(s), 2 left on base; Montgomery 0 - Wichita 1
BOTTOM OF THE 5TH
Wichita Wranglers batting - Pitching for Montgomery Biscuits : LHP Orlando Costa
Batting: RHB Jorge Barbosa 0-0: Ball
1-0: Ball
2-0: Ball
3-0: Base on Balls
Batting: LHB Richard Hinkle 0-0: Foul Ball, location: 2F
0-1: Foul Ball, location: 2F
0-2: Foul Ball, location: 2F
0-2: Strikes out swinging
Batting: RHB Gabriel Erwin 0-0: Called Strike
0-1: Ground out 5-3 (Groundball, 56)
Jorge Barbosa to second
Batting: RHB José López 0-0: 2-RUN HOME RUN (Line Drive, 7D), Distance : 363 ft
Batting: RHB Hubert MacDonald 0-0: Foul Ball, location: 2F
0-1: Ground out 6-3 (Groundball, 56)
Bottom of the 5th over - 2 run(s), 1 hit(s), 0 error(s), 0 left on base; Montgomery 0 - Wichita 3
TOP OF THE 6TH
Montgomery Biscuits batting - Pitching for Wichita Wranglers : RHP Greg Reeves
Batting: LHB Bob Jones 0-0: Called Strike
0-1: Ball
1-1: Ball
2-1: Called Strike
2-2: Ground out 4-3 (Groundball, 4)
Batting: SHB Marvin López 0-0: Swinging Strike
0-1: Ball
1-1: Swinging Strike
1-2: Strikes out swinging
Batting: SHB Wilson Bray 0-0: Ball
1-0: Ball
2-0: Ball
3-0: Base on Balls
Pitching: RHP Jeff Mann
Batting: RHB Reinaldo Amarante 0-0: Ball
1-0: Called Strike
1-1: Swinging Strike
1-2: Strikes out looking
Top of the 6th over - 0 run(s), 0 hit(s), 0 error(s), 1 left on base; Montgomery 0 - Wichita 3
BOTTOM OF THE 6TH
Wichita Wranglers batting - Pitching for Montgomery Biscuits : LHP Orlando Costa
Batting: RHB Félix Gonzáles 0-0: Called Strike
0-1: Foul Ball, location: 2F
0-2: Strikes out swinging
Batting: RHB Oliver Todd 0-0: Called Strike
0-1: Foul Ball, location: 2F
0-2: Ball
1-2: Ball
2-2: Fly out, F8 (Flyball, 8LD)
Batting: RHB Rusty Bennett 0-0: Called Strike
0-1: Called Strike
0-2: Foul Ball, location: 2F
0-2: Ball
1-2: Foul Ball, location: 2F
1-2: Ball
2-2: Ground out 5-3 (Groundball, 56)
Bottom of the 6th over - 0 run(s), 0 hit(s), 0 error(s), 0 left on base; Montgomery 0 - Wichita 3
TOP OF THE 7TH
Montgomery Biscuits batting - Pitching for Wichita Wranglers : RHP Jeff Mann
Batting: LHB Ron Young 0-0: Called Strike
0-1: Foul Ball, location: 2F
0-2: Ground out 4-3 (Groundball, 4)
Batting: SHB Pancho Ruíz 0-0: Foul Ball, location: 2F
0-1: Ball
1-1: Ball
2-1: Foul Ball, location: 2F
2-2: Strikes out swinging
Batting: SHB Hoyt Norris 0-0: Ball
1-0: Ball
2-0: Ball
3-0: Called Strike
3-1: SINGLE (Flyball, 7LS)
Batting: LHB Mathew Clayton 0-0: Ball
1-0: Ball
2-0: Called Strike
2-1: Foul Ball, location: 2F
2-2: Foul Ball, location: 2F
2-2: Foul Ball, location: 2F
2-2: Foul Ball, location: 2F
2-2: Foul Ball, location: 2F
2-2: Ball
3-2: Strikes out swinging
Top of the 7th over - 0 run(s), 1 hit(s), 0 error(s), 1 left on base; Montgomery 0 - Wichita 3
BOTTOM OF THE 7TH
Wichita Wranglers batting - Pitching for Montgomery Biscuits : LHP Orlando Costa
Pitching: RHP Steven Browne
Batting: LHB Al Miller 0-0: Ball
1-0: Ball
2-0: Ball
3-0: Called Strike
3-1: Base on Balls
Batting: RHB Jorge Barbosa 0-0: Ball
1-0: Grounds into double play, 5-4-3 (Groundball, 56)
Batting: LHB Richard Hinkle 0-0: Ball
1-0: Foul Ball, location: 2F
1-1: Ball
2-1: Fly out, F8 (Line Drive, 89D)
Bottom of the 7th over - 0 run(s), 0 hit(s), 0 error(s), 0 left on base; Montgomery 0 - Wichita 3
TOP OF THE 8TH
Montgomery Biscuits batting - Pitching for Wichita Wranglers : RHP Jeff Mann
Batting: SHB Kenneth Cruz 0-0: Foul Ball, location: 2F
0-1: SINGLE (Groundball, 4) (infield hit)
Pitching: LHP Jeff Jackson
Batting: LHB Bob Jones 0-0: Ball
1-0: Ball
2-0: Ball
3-0: Called Strike
3-1: SINGLE (Groundball, 4) (infield hit)
Kenneth Cruz to second
Batting: SHB Marvin López 0-0: Called Strike
0-1: Ball
1-1: SINGLE (Line Drive, 56)
Kenneth Cruz to third
Bob Jones to second
Batting: SHB Wilson Bray 0-0: Called Strike
0-1: Foul Ball, location: 2F
0-2: Strikes out swinging
Pitching: RHP Lester Williams
Batting: RHB Reinaldo Amarante 0-0: Ball
1-0: Ball
2-0: Swinging Strike
2-1: Called Strike
2-2: Fly out, F9 (Flyball, 9)
Runner from 3rd tags up, SCORES, throw made
Pitching: LHP Fred Villa
Pinch Hitting: RHB Rusty Downy 0-0: Called Strike
0-1: SINGLE (Groundball, 6MD)
Bob Jones to third
Marvin López to second
Runner from 3rd tries for Home, throw and OUT!
Top of the 8th over - 1 run(s), 4 hit(s), 0 error(s), 2 left on base; Montgomery 1 - Wichita 3
BOTTOM OF THE 8TH
Wichita Wranglers batting - Pitching for Montgomery Biscuits : RHP Steven Browne
Now at 2B: Rusty Downy
Batting: RHB Gabriel Erwin 0-0: Called Strike
0-1: Foul Ball, location: 2F
0-2: Ball
1-2: Foul Ball, location: 2F
1-2: Strikes out swinging
Batting: RHB José López 0-0: Called Strike
0-1: Swinging Strike
0-2: Strikes out swinging
Batting: RHB Hubert MacDonald 0-0: Ball
1-0: Foul Ball, location: 2F
1-1: Foul Ball, location: 2F
1-2: Foul Ball, location: 2F
1-2: Ball
2-2: Strikes out swinging
Bottom of the 8th over - 0 run(s), 0 hit(s), 0 error(s), 0 left on base; Montgomery 1 - Wichita 3
TOP OF THE 9TH
Montgomery Biscuits batting - Pitching for Wichita Wranglers : LHP Fred Villa
Pitching: RHP Todd Brewster
Batting: SHB Pancho Ruíz 0-0: Called Strike
0-1: Called Strike
0-2: Ball
1-2: Strikes out swinging
Batting: SHB Hoyt Norris 0-0: Ground out 6-3 (Groundball, 6)
Batting: LHB Mathew Clayton 0-0: Foul Ball, location: 2F
0-1: Foul Ball, location: 2F
0-2: Strikes out looking
Top of the 9th over - 0 run(s), 0 hit(s), 0 error(s), 0 left on base; Montgomery 1 - Wichita 3
Tuesday, August 8th, 2017 - OOTP Baseball 17.12 Build 75